 Dungeon Crawl Stone Soup version 0.20-a0-444-g03c7170 (webtiles) character file.

57 Asddderdsw the Skirmisher (level 3, 0/33 HPs)
             Began as a Draconian Wanderer on Jan 6, 2017.
             Killed by nerve-wracking pain
             ... invoked by Jessica
              (9 damage)
             ... on level 3 of the Dungeon.
             The game lasted 00:37:46 (2923 turns).

Asddderdsw the Skirmisher (Draconian Wanderer)      Turns: 2923, Time: 00:37:50

Health: 0/33       AC:  5    Str: 11    XL:     3   Next: 73%
Magic:  1/4        EV: 11    Int: 19    God:
Gold:   83         SH:  0    Dex: 12    Spells: 0/4 levels left

rFire  + . .     SeeInvis .     c - +0 spear
rCold  . . .     Gourm    .     (armour unavailable)
rNeg   . . .     Faith    .     (no shield)
rPois  .         Spirit   .     (helmet restricted)
rElec  .         Reflect  .     (no cloak)
rCorr  .         Harm     .     (no gloves)
MR     .....                    (no boots)
Stlth  +.........               (no amulet)
                                y - +5 ring of intelligence
                                g - ring of protection from fire

@: very slightly contaminated
A: unfitting armour, cold-blooded, AC +5
a: no special abilities


You were on level 3 of the Dungeon.
You were not hungry.

You visited 1 branch of the dungeon, and saw 3 of its levels.

You collected 83 gold pieces.

Inventory:

Hand Weapons
 c - a +0 spear (weapon)
Missiles
 e - 77 stones (quivered)
 l - 22 sling bullets
 n - 4 tomahawks
 q - 8 curare-tipped needles
 t - 18 arrows
 u - 31 bolts
Jewellery
 g - a ring of protection from fire (left hand)
 s - an uncursed ring of poison resistance
 y - a +5 ring of intelligence (right hand)
 A - an uncursed ring of flight
Scrolls
 f - a scroll of recharging {unknown}
 o - a scroll of teleportation
 r - a scroll of fog
 w - 2 scrolls of magic mapping {unknown}
Potions
 b - 3 potions of curing
 h - a potion of cure mutation {unknown}
 j - a potion of mutation {unknown}
 k - a potion of agility {unknown}
 m - a potion of degeneration {unknown}
 p - a potion of haste {unknown}
 x - a potion of heal wounds
Books
 a - a book of Minor Magic

   Spells                             Type                      Level
   a - Magic Dart                     Conjuration                  1
   b - Blink                          Translocation                2
   c - Call Imp                       Summoning                    2
   d - Repel Missiles                 Charms/Air                   2
   e - Slow                           Hexes                        2
   f - Conjure Flame                  Conjuration/Fire             3
   g - Mephitic Cloud                 Conjuration/Poison/Air       3
Comestibles
 d - a bread ration
 i - 3 meat rations
 z - 9 fruits
 B - a slice of pizza


   Skills:
 + Level 4.1 Fighting
 + Level 2.8 Polearms
 + Level 1.0 Throwing
 + Level 1.0 Dodging
 + Level 0.4 Stealth
 + Level 1.0 Spellcasting
   Level 2.0 Transmutations
 + Level 1.0 Evocations


You couldn't memorise any spells.
You knew the following spells:

 Your Spells              Type           Power        Failure   Level  Hunger
a - Slow                  Hex            #.......     30%         2    ###....
b - Blink                 Tloc           N/A          30%         2    ###....


Dungeon Overview and Level Annotations

Branches:
Dungeon (3/15)

Altars:
Fedhas
Nemelex Xobeh
Qazlal
Vehumet

Annotations:
D:3 Jessica, Sigmund


Innate Abilities, Weirdness & Mutations

Your plain brown scales are hard. (AC +5)
You cannot fit into any form of body armour.
You are cold-blooded and may be slowed by cold attacks.


Message History

Jessica is moderately wounded.
The bat hits you. Jessica hits you with a dagger.
Casting: Slow
Confirm with . or Enter, or press ? or * to list all spells.
Aiming: Slow
Press: ? - help, Shift-Dir - straight line, f/p - Jessica
Aim: Jessica, wielding a dagger and wearing a robe (blue smoke, moderately wounded, chance to defeat MR: 42%) Jessica resists with some effort.
The bat barely misses you.
Jessica mumbles some strange words.
Jessica seems to speed up.
Jessica casts a spell.
Jessica blinks!
The bat hits you.
You hit Jessica.
Jessica is severely wounded.
The bat hits you.
* * * LOW HITPOINT WARNING * * *
Jessica casts a spell at you. Pain shoots through your body!
You die...

.. .# #.. .# #.. .# .
##.. .# .#. ...
.########...##.[
................#######.
..###...................
..###.....<.....@.......
..##..........b.@##.....
.....#..........§##.###.
.###.......####§§§#§#
.........###..###§§.#
#####...##......##§?#
#..........@..§.#
#.#.............#
#.#.............#


You could see Jessica and a bat.

Vanquished Creatures
  An adder (D:3)
  2 leopard geckos
  4 orcs (D:3)
  2 giant cockroaches (D:2)
  2 goblins (D:1)
  9 hobgoblins
  A ball python (D:1)
  7 bats
  4 frilled lizards
  5 kobolds
  5 rats
42 creatures vanquished.

Notes
Turn   | Place    | Note
-------+----------+-------------------------------------------
     0 | D:1      | Asddderdsw the Draconian Wanderer began the quest for the Orb.
     0 | D:1      | Asddderdsw set off with: a book of Minor Magic, a potion of curing, a +0 spear, a bread ration
     0 | D:1      | Reached XP level 1. HP: 19/19 MP: 2/2
    11 | D:1      | Learned a level 1 spell: Magic Dart
   590 | D:1      | Reached XP level 2. HP: 26/26 MP: 3/3
  1368 | D:1      | Reached skill level 4 in Fighting
  2023 | D:2      | Found a sparkling altar of Nemelex Xobeh.
  2064 | D:2      | Found a blossoming altar of Fedhas.
  2113 | D:2      | Reached XP level 3. HP: 15/33 MP: 4/4
  2167 | D:2      | Found a radiant altar of Vehumet.
  2169 | D:2      | Found a stormy altar of Qazlal.
  2482 | D:3      | Noticed Sigmund
  2538 | D:2      | Learned a level 2 spell: Blink
  2549 | D:2      | Learned a level 2 spell: Slow
  2812 | D:3      | Reached skill level 1 in Dodging
  2855 | D:3      | Noticed Jessica
  2923 | D:3      | Killed from afar by Jessica

Vault maps used:
D:1:      scummos_arrival_hexagon, columned_hall_lemuel
D:2:      minitemple, grunt_decor_cap, wad_floor_pattern_untrapped,
          fedhas_altar_fruit_tree
D:3:      eat_drink_and_be_merry_uskayaw, portal_sewer_entry_d,
          minmay_misc_feat_iff, corexii_leaking_fountain, uniq_sigmund,
          uniq_jessica, uniq_crazy_yiuf_cottage

Skill      XL: |  1  2  3 |
---------------+----------+-----
Fighting       | 4 |  4.1
Dodging        | 1 |  1.0
Polearms       | |  2.8
Throwing       | |  1.0
Stealth        | |  0.4
Spellcasting   | |  1.0
Transmutations | |  2.0
Evocations     | |  1.0

Action                   || total
-------------------------++-------
Melee: Spear             ||   180
       Tailslap          ||     6
Throw: Stone             ||     3
 Cast: Magic Dart        ||     1
       Slow              ||     1
       Blink             ||     1
  Use: Scroll            ||     8
       Potion            ||     3
 Stab: Sleeping          ||     1
  Eat: Chunk             ||     7
Armor: Skin              ||    52
Dodge: Dodged            ||   115
